 Dungeon Crawl Stone Soup version 0.28.0 (webtiles) character file.

Game seed: 11352293235084821561

23760 js333 the Eclecticist (level 12, -1/59 HPs)
             Began as a Deep Elf Conjurer on Feb 15, 2022.
             Was a Priest of Sif Muna.
             Shot with an arrow by Nessos (19 damage)
             ... on level 13 of the Dungeon.
             The game lasted 01:31:04 (22860 turns).

js333 the Eclecticist (Deep Elf Conjurer)          Turns: 22860, Time: 01:31:09

Health: -1/59      AC:  7    Str:  4    XL:     12   Next: 74%
Magic:  19/37      EV: 13    Int: 29    God:    Sif Muna [***...]
Gold:   1434       SH:  5    Dex: 13    Spells: 26/49 levels left

rFire   + . .      SeeInvis .   (no weapon)
rCold   + + +      Faith    .   (no shield)
rNeg    + . .      Spirit   .   C - +0 robe {rC+ rF+}
rPois   .          Reflect  +   H - +1 hat
rElec   .          Harm     .   j - scarf {rC+ rF+}
rCorr   .          Rampage  .   (no gloves)
Will    +....                   (no boots)
Stlth   +++.......              k - amulet of reflection
HPRegen 0.19/turn               t - +4 ring of protection
MPRegen 0.25/turn               p - ring of Aceiroif {Ice +Blink rN+}

@: lethally poisoned (-1 -> -22)
A: no striking features
a: Renounce Religion, Evoke Blink, Channel Magic, Forget Spell


You were on level 13 of the Dungeon.
You worshipped Sif Muna.
Sif Muna was most pleased with you.
You visited 2 branches of the dungeon, and saw 14 of its levels.
You also visited: Ice Cave.

You collected 1962 gold pieces.
You spent 528 gold pieces at shops.

Inventory:

Missiles
 y - 4 throwing nets
 I - 5 silver boomerangs
Armour
 j - a scarf of resistance (worn)
 C - a +0 robe of resistance (worn)
 H - a +1 hat (worn)
Jewellery
 b - a ring of willpower
 f - a +4 ring of protection
 k - an amulet of reflection (around neck)
 l - a ring of ice
 m - a ring of resist corrosion
 p - the ring of Aceiroif (right hand) {Ice +Blink rN+}
   (You found it in an ice cave)

   [ring of ice]

   It enhances your ice magic.
   rF:        It makes you vulnerable to fire.
   rC:        It protects you from cold.
   rN:        It protects you from negative energy.
   +Blink:    It lets you blink.
 t - a +4 ring of protection (left hand)
 v - a +4 ring of slaying
 w - the ring of the Evening {Dex+5 SInv}
   (You found it in an ice cave)

   [ring of see invisible]

   Dex:       It affects your dexterity (+5).
   SInv:      It lets you see invisible.
 A - a ring of willpower
 K - a ring of ice
Wands
 d - a wand of charming (9)
 g - a wand of polymorph (8)
 i - a wand of acid (1)
 n - a wand of mindburst (12)
 x - a wand of paralysis (14)
 M - a wand of iceblast (7)
Scrolls
 a - a scroll of fog {unknown}
 e - 2 scrolls of vulnerability
 r - a scroll of enchant weapon
 s - 2 scrolls of holy word
 B - a scroll of blinking
 E - a scroll of teleportation
Potions
 c - 2 potions of mutation
 h - a potion of ambrosia
 o - a potion of cancellation
 q - 2 potions of lignification
 u - a potion of haste
 z - a potion of flight {unknown}
 D - 2 potions of berserk rage {unknown}
 L - a potion of might {unknown}


   Skills:
 - Level 5.0 Dodging
 - Level 5.0 Stealth
 + Level 19.1 Spellcasting
 * Level 10.1 Conjurations
 - Level 5.0 Hexes
 * Level 11.5 Summonings
 * Level 1.3 Fire Magic
 - Level 5.0 Air Magic


You had 26 spell levels left.
You knew the following spells:

 Your Spells              Type           Power      Damage    Failure   Level
a - Magic Dart            Conj           100%       1d8       1%          1
b - Searing Ray           Conj           100%       2d8       1%          2
c - Fulminant Prism       Conj/Hex       32%        3d16      1%          4
d - Summon Lightning Spi  Summ/Air       66%        N/A       1%          4
e - Summon Cactus Giant   Summ           38%        N/A       1%          6
f - Starburst             Conj/Fire      28%        6d9       22%         6

Your spell library contained the following spells:

 Spells                   Type           Power      Damage    Failure   Level
 Foxfire                  Conj/Fire      100%       2x1d9     1%          1
 Corpse Rot               Necr/Air       84%        N/A       1%          2
 Poisonous Vapours        Pois/Air       84%        N/A       1%          2
 Scorch                   Fire           70%        2d9       1%          2
 Static Discharge         Conj/Air       64%        N/A       1%          2
 Conjure Flame            Conj/Fire      57%        6-21      1%          3
 Dazzling Flash           Conj/Hex       100%       N/A       1%          3
 Inner Flame              Hex/Fire       46%        N/A       1%          3
 Flame Wave               Conj/Fire      57%        2d11      1%          4
 Iskenderun's Mystic Bla  Conj/Tloc      54%        2d12      1%          4
 Sticky Flame             Conj/Fire      57%        2d7       1%          4
 Dispel Undead            Necr           27%        3d13      14%         4
 Storm Form               Tmut/Air       21%        N/A       99%         7
 Maxwell's Capacitive Co  Air            27%        ∞         100%        8


Dungeon Overview and Level Annotations

Branches:
Dungeon (13/15)            Temple (0/1) D:5            Lair (1/6) D:8
    Orc (0/2) D:11          IceCv (visited)
 Vaults: D:13-14

Altars:
Gozag
Kikubaaqudgha
Nemelex Xobeh
Sif Muna
Beogh

Shops:
D:6 *:(   D:7 *   D:9 (

Annotations:
D:11 3 runed translucent doors, Ageeluotz's ghost, journeyman DECj
D:13 Nessos; Rupert


Message History

The bolt of electricity hits Rupert!
Something barely misses you. Rupert roars wildly at you.
An arrow appears from out of your range of vision.
The arrow hits your cactus giant!!
A brown ugly thing comes into view.
The arrow hits your cactus giant!
Nessos the Markscentaur comes into view.
Your cactus giant hits Rupert with a +0 giant spiked club.
The arrow hits your cactus giant!!
An arrow appears from out of your range of vision.
The arrow hits your cactus giant!
Rupert roars madly and goes into a rage!
Rupert goes berserk!
The brown ugly thing is struck by your cactus giant's spines.
The brown ugly thing completely misses your cactus giant.
The brown ugly thing is struck by your cactus giant's spines.
The brown ugly thing trunk-slaps your cactus giant.
Your cactus giant is splashed with acid!
An arrow appears from out of your range of vision.
The arrow completely misses your cactus giant.
An arrow appears from out of your range of vision.
The arrow hits your cactus giant!!
Your cactus giant is destroyed!
Your cactus giant disappears in a puff of smoke!
You hear a shout!
Casting: Summon Cactus Giant (dangerous; 1% risk of failure)
Confirm with . or Enter, or press ? or * to list all spells.
You block Rupert's attack.
A centaur warrior comes into view. It is wielding a +0 shortbow.
You block Rupert's attack.
An orc comes into view. It is wielding a +0 club.
There is a stone staircase leading up here.
Nessos wields a +1 longbow of flaming.
It bursts into flame!
Nessos shoots an arrow.
The arrow hits you! The arrow burns you.
You are poisoned.
Rupert hits you with a +1 great mace of venom!!
Your cactus giant hits Rupert with a +0 giant spiked club!
Nessos shoots an arrow.
The arrow hits you!!
You die...

.##. ....... ...c.
.c..... ##...## .......
###......##....... #....
#...c...... ## ##...#
#8......... #..
##....#####c........
#.###.......#....o...#..
##...........@@C#.##.##
................### ..#
#..............# ##
##........###...#
#.....D...###.##
##.......## ...
#.....####. ....
#.......?.....Wo)>
#.....###........#


You could see Rupert (berserk, ally target), Nessos, an eight-headed hydra, a
centaur warrior, a shadow, an orc wizard, an orc and a friendly cactus giant
(summoned).

Vanquished Creatures
  Harold (D:8)
  2 two-headed ogres
  An ugly thing (D:11)
  A black mamba (Lair:1)
  A rime drake (IceCv)
  An efreet (D:8)
  A troll (D:10)
  A shadow (D:11)
  2 yaks (D:12)
  2 wyverns (D:9)
  A basilisk (Lair:1)
  Eustachio (D:6)
  A steam dragon (D:7)
  4 vampire mosquitoes
  3 water moccasins
  2 acid dragons (D:8)
  2 orc warriors
  An ice beast (D:7)
  A black bear (D:8)
  A sky beast (D:6)
  3 ogres
  5 wolves
  3 necrophages
  2 centaurs
  A kobold brigand (D:8)
  2 bullfrogs
  A gnoll sergeant (D:8)
  2 scorpions
  A wyvern zombie (D:7)
  2 water moccasin zombies
  A bullfrog zombie (D:6)
  A jelly (D:7)
  2 bullfrog skeletons (D:5)
  A centaur zombie (D:8)
  A komodo dragon simulacrum (IceCv)
  2 centaur skeletons
  5 orc priests
  2 hounds
  A gnoll shaman (D:5)
  Jessica (D:3)
  2 iguanas
  6 orc wizards
  A hound zombie (D:5)
  A hound skeleton (D:5)
  13 gnolls
  7 adders
  2 white imps (D:7)
  An ufetubus (D:7)
  A steam dragon simulacrum (IceCv)
  3 adder skeletons (D:4)
  A worm (D:2)
  3 dart slugs
  31 orcs
  2 bat zombies (D:12)
  4 endoplasms
  2 giant cockroaches
  6 goblins
  5 hobgoblins
  A quokka (D:4)
  2 ball pythons
  5 bats
  A frilled lizard (D:2)
  10 kobolds
  2 rats
  A rat zombie (D:12)
182 creatures vanquished.

Vanquished Creatures (collateral kills)
  Gastronok (D:9)
  An ice dragon (IceCv)
  A hydra (D:11)
  2 two-headed ogres
  A death knight (D:12)
  Sonja (D:12)
  4 skeletal warriors (D:12)
  2 ugly things
  2 manticores (D:12)
  A cyclops (D:12)
  A komodo dragon (D:12)
  3 rime drakes (IceCv)
  2 trolls (D:12)
  2 ice devils (D:12)
  14 yaks
  A wraith (D:10)
  4 vampire mosquitoes
  An acid dragon (D:12)
  2 water moccasins (Lair:1)
  A nameless horror (D:12)
  4 orc warriors
  2 centaurs
  4 wolves (Lair:1)
  2 bullfrogs (Lair:1)
  5 lindwurm simulacra (IceCv)
  3 killer bees (D:10)
  5 komodo dragon simulacra (IceCv)
  3 orc priests
  A centaur zombie (D:10)
  2 orc wizards
  9 acid dragon simulacra (IceCv)
  3 orcs
  A bat zombie (D:12)
91 creatures vanquished.

Vanquished Creatures (others)
  A centaur zombie (D:8)
  A bush (Lair:1)
  22 fulminant prisms
  3 fungi (Lair:1)
  3 plants (Lair:1)
30 creatures vanquished.

Grand Total: 303 creatures vanquished

Notes
Turn   | Place    | Note
-------+----------+-------------------------------------------
     0 | D:1      | js333 the Deep Elf Conjurer began the quest for the Orb.
     0 | D:1      | Reached XP level 1. HP: 10/10 MP: 6/6
   384 | D:1      | Reached XP level 2. HP: 15/15 MP: 6/8
   756 | D:1      | Found a faded altar of an unknown god.
   932 | D:2      | Learned a level 2 spell: Searing Ray
  1187 | D:2      | Reached XP level 3. HP: 19/19 MP: 7/10
  1905 | D:2      | Reached skill level 4 in Spellcasting
  1905 | D:2      | Reached XP level 4. HP: 24/24 MP: 6/12
  2214 | D:3      | Noticed Jessica
  2219 | D:3      | Killed Jessica
  2220 | D:3      | Reached skill level 5 in Conjurations
  2836 | D:3      | Reached XP level 5. HP: 26/28 MP: 4/13
  3397 | D:4      | Reached XP level 6. HP: 32/32 MP: 5/15
  3508 | D:4      | Reached skill level 5 in Spellcasting
  4147 | D:4      | Reached skill level 5 in Stealth
  4317 | D:5      | Entered Level 5 of the Dungeon
  4358 | D:5      | Reached XP level 7. HP: 36/36 MP: 15/17
  4428 | D:5      | Reached skill level 5 in Dodging
  4684 | D:5      | Found a sparkling altar of Nemelex Xobeh.
  4724 | D:5      | Found a staircase to the Ecumenical Temple.
  4851 | D:5      | Reached skill level 6 in Spellcasting
  5530 | D:5      | Reached XP level 8. HP: 41/41 MP: 13/20
  5634 | D:5      | Learned a level 4 spell: Fulminant Prism
  5666 | D:5      | Identified a scroll of acquirement
  5669 | D:5      | Acquired 888 gold pieces
  5686 | D:6      | Reached skill level 7 in Spellcasting
  5758 | D:6      | Found Tenomiav's General Store.
  5775 | D:6      | Noticed Eustachio
  5788 | D:6      | Killed Eustachio
  5915 | D:6      | Found Ebaaluvy's Antique Weapon Boutique.
  6160 | D:6      | You fall into a shaft and drop 2 floors!
  6202 | D:7      | Reached skill level 8 in Spellcasting
  7222 | D:7      | Found Quvuqaos's General Store.
  7572 | D:6      | Reached skill level 10 in Conjurations
  7587 | D:6      | Reached skill level 9 in Spellcasting
  7819 | D:6      | Found Quowupn's Book Emporium.
  7859 | D:6      | Bought a book of the Sky for 528 gold pieces
  7864 | D:6      | Learned a level 4 spell: Summon Lightning Spire
  8091 | D:7      | Reached skill level 1 in Hexes
  8091 | D:7      | Reached XP level 9. HP: 45/45 MP: 16/24
  8486 | D:7      | Reached skill level 1 in Summonings
  8486 | D:7      | Reached skill level 1 in Air Magic
  9315 | D:8      | Found a staircase to the Lair.
  9348 | D:8      | Noticed an efreet
  9352 | D:8      | Noticed Harold
  9426 | D:8      | Killed an efreet
  9427 | D:8      | Reached skill level 10 in Spellcasting
  9441 | D:8      | Identified the +1 leather armour "Xuovus" {Str+2 Dex+3}
  9864 | D:8      | Killed Harold
  9865 | D:8      | Reached skill level 5 in Hexes
 10278 | D:8      | Reached XP level 10. HP: 34/50 MP: 15/26
 10643 | Lair:1   | Entered Level 1 of the Lair of Beasts
 10643 | Lair:1   | Noticed a black mamba
 10661 | Lair:1   | Killed a black mamba
 10662 | Lair:1   | Reached skill level 11 in Spellcasting
 11020 | Lair:1   | Noticed a black mamba
 11025 | Lair:1   | Found a shimmering blue altar of Sif Muna.
 11270 | Lair:1   | Became a worshipper of Sif Muna the Loreminder
 11273 | Lair:1   | Reached skill level 5 in Summonings
 11416 | Lair:1   | Reached skill level 5 in Air Magic
 11719 | Lair:1   | Noticed a cane toad
 12047 | D:9      | Found Ireji's Weapon Emporium.
 12275 | D:9      | Noticed Gastronok
 12991 | D:9      | Learned a level 6 spell: Summon Cactus Giant
 13122 | D:9      | Noticed a red ugly thing
 13130 | D:9      | Killed a red ugly thing
 13131 | D:9      | Reached skill level 12 in Spellcasting
 13270 | D:9      | Noticed a two-headed ogre
 13275 | D:9      | Killed a two-headed ogre
 13658 | D:9      | Killed Gastronok
 13659 | D:9      | Reached XP level 11. HP: 18/54 MP: 2/29
 14142 | D:10     | Entered Level 10 of the Dungeon
 14535 | D:10     | Noticed a two-headed ogre
 14551 | D:10     | Killed a two-headed ogre
 14552 | D:10     | Reached skill level 13 in Spellcasting
 15097 | D:10     | Reached * piety under Sif Muna
 15240 | D:10     | Reached skill level 10 in Summonings
 16115 | D:11     | Noticed a white ugly thing
 16122 | D:11     | Killed a white ugly thing
 16244 | D:11     | Reached skill level 14 in Spellcasting
 16442 | D:11     | Found a runed translucent gate.
 16442 | D:11     | Found a runed translucent gate.
 16442 | D:11     | Found a runed translucent gate.
 16445 | D:11     | Found an opulent altar of Gozag.
 16449 | D:11     | Noticed Ageeluotz's ghost (journeyman DECj)
 16449 | D:11     | Noticed an orc knight
 16546 | D:11     | Noticed a two-headed ogre
 16556 | D:11     | Killed a two-headed ogre
 16557 | D:11     | Reached skill level 15 in Spellcasting
 16683 | D:11     | Noticed a five-headed hydra
 16940 | D:11     | Found a staircase to the Orcish Mines.
 17331 | D:11     | Noticed a tengu warrior
 17678 | D:11     | Killed a five-headed hydra
 18662 | D:12     | Noticed Sonja
 18669 | D:12     | Paralysed by Sonja for 7 turns
 18671 | D:12     | Killed Sonja
 18672 | D:12     | Reached skill level 16 in Spellcasting
 18741 | D:12     | Found a frozen archway.
 18790 | IceCv    | Entered an ice cave
 19052 | IceCv    | Reached ** piety under Sif Muna
 19085 | IceCv    | Reached skill level 17 in Spellcasting
 19085 | IceCv    | Reached XP level 12. HP: 36/59 MP: 19/35
 19766 | IceCv    | Noticed an ice dragon
 20228 | IceCv    | Identified the ring of Aceiroif {Ice +Blink rN+}
 20234 | IceCv    | Identified the ring of the Evening {Dex+5 SInv}
 20317 | IceCv    | Killed an ice dragon
 20724 | D:12     | Reached skill level 18 in Spellcasting
 20902 | D:12     | Found an ancient bone altar of Kikubaaqudgha.
 21670 | D:12     | Noticed a death knight
 21671 | D:12     | Noticed a two-headed ogre
 21706 | D:12     | Killed a two-headed ogre
 21732 | D:12     | Killed a death knight
 21733 | D:12     | Reached skill level 19 in Spellcasting
 22159 | D:12     | Reached skill level 1 in Fire Magic
 22168 | D:12     | Learned a level 6 spell: Starburst
 22433 | D:12     | Reached *** piety under Sif Muna
 22823 | D:13     | Noticed an eight-headed hydra
 22845 | D:13     | Noticed Rupert
 22853 | D:13     | Noticed Nessos
 22858 | D:13     | Noticed a centaur warrior
 22860 | D:13     | Shot with an arrow by Nessos

Illustrated notes

Levels and vault maps discovered:
D:1:      dpeg_arrival_connections, layout_loops_cross,
          hellmonk_ecumenical_altar_lost_god
D:2:      layout_basic
D:3:      layout_loops_corners, serial_bayou_lagoon_a, uniq_jessica
D:4:      layout_basic
D:5:      layout_basic, kennysheep_little_box, minmay_temple_entry_waves,
          grunt_ministairs_15, chequers_jeans
D:6:      lemuel_ratsnest, layout_layer_cave, serial_shops,
          nicolae_shop_behind_doors, nicolae_shop_trees,
          nicolae_shop_waterfront, uniq_duvessa, uniq_edmund, uniq_eustachio
D:7:      layout_cave_pods, serial_shops, shop, kennysheep_generic_room_3
D:8:      layout_rooms, lair_entry_dummy, amethyst_killhole, uniq_harold
D:9:      layout_cave_pods, serial_shops, nicolae_shop_hallway_plus,
          uniq_gastronok
D:10:     layout_roguey, enter_bailey_6
D:11:     gammafunk_boulding_lane, layout_loops_ring,
          minmay_orc_entry_temple_small, ebering_ghost_gozag
D:12:     layout_irregular_city, portal_ice_cave_demonic_guard,
          lemuel_zombie_altar_kikubaaqudgha, uniq_sonja
D:13:     layout_cave_pools, grunt_vaults_entry_fortified, serial_column_ruins,
          column_ruins_temple_circle, column_ruins_grid_1, column_ruins_grid_1,
          column_ruins_grid_1, column_ruins_open_medium, uniq_rupert,
          uniq_josephine, uniq_urug, uniq_nessos
Lair:1:   layout_misc_corridors, basic_altar, minmay_holes,
          chequers_serial_rivers_small_b, minivault_24

Skill      XL: |  1  2  3  4  5  6  7  8  9 10 11 12 |
---------------+-------------------------------------+-----
Dodging        | 3 4 5 |  5.0
Stealth        | 3 4 5 |  5.0
Spellcasting   | 4 5 6 9 10 12 17 19 | 19.1
Conjurations   | 5 6 8 10 | 10.1
Hexes          | 1 5 |  5.0
Summonings     | 4 8 10 11 | 11.5
Air Magic      | 4 5 |  5.0
Fire Magic     | 1 |  1.3

Action                   |  1- 3 |  4- 6 |  7- 9 | 10-12 || total
-------------------------+-------+-------+-------+-------++-------
Melee: Unarmed           |       |       |       |     1 ||     1
 Cast: Magic Dart        |    60 |    79 |   155 |    78 ||   372
       Searing Ray       |       |     8 |    54 |    69 ||   131
       Summon Lightning  |       |       |     5 |    89 ||    94
       Fulminant Prism   |       |       |     1 |    21 ||    22
       Summon Cactus Gia |       |       |       |    36 ||    36
 Abil: Evoke Blink       |       |       |       |     1 ||     1
  Use: Scroll            |       |     4 |    11 |    18 ||    33
       Potion            |       |       |     2 |     8 ||    10
Armor: Robe              |       |     9 |    34 |    47 ||    90
Dodge: Dodged            |     2 |    17 |    52 |    89 ||   160
Block: Other             |       |       |       |     6 ||     6
